 Dungeon Crawl Stone Soup version 0.17.1-3-g152610e (webtiles) character file.

7610 Ponchio the Fighter (level 11, -1/73 HPs)
             Began as a Gargoyle Fighter on Mar 1, 2016.
             Was a Believer of Qazlal.
             Slain by a freezing wraith (16 damage)
             ... on level 1 of the Lair of Beasts on Mar 2, 2016.
             The game lasted 01:03:06 (11511 turns).

Ponchio the Fighter (Gargoyle Fighter)             Turns: 11511, Time: 01:03:06

Health: -1/73      AC: 15    Str: 20    XL:     11   Next: 17%
Magic:  11/11      EV: 13    Int:  9    God:    Qazlal [**....]
Gold:   469        SH: 13    Dex: 12    Spells: 0 memorised, 10 levels left

rFire  + . .     SeeInvis .     G - +3 mace
rCold  . . .     Clarity  .     h - +2 ring mail {rF+}
rNeg   + . .     SustAt   .     c - +1 shield
rPois  ∞         Gourm    .     (no helmet)
rElec  +         Spirit   .     (no cloak)
rCorr  .         Warding  .     (no gloves)
rMut   .         Stasis   .     (no boots)
MR     .....                    (no amulet)
Stlth  +.........               (no ring)
                                u - ring of flight

@: not resistant to hostile enchantments, very unstealthy
A: negative energy resistance 1, electricity resistance, unbreathing,
petrification resistance, rot immunity, AC +7
a: Upheaval, Renounce Religion, Evoke Flight


You were on level 1 of the Lair of Beasts.
You worshipped Qazlal.
Qazlal was pleased with you.
You were not hungry.

You visited 3 branches of the dungeon, and saw 10 of its levels.
You also visited: Sewer.

You collected 469 gold pieces.

Inventory:

Hand Weapons
 a - a +0 flail
 x - a +0 whip
 G - a +3 mace (weapon)
Armour
 c - a +1 shield (worn)
 h - a +2 ring mail of fire resistance (worn)
 E - a +3 ring mail
Jewellery
 u - a ring of flight (left hand)
 J - a cursed ring of teleportation {unknown}
Wands
 y - a wand of lightning (4)
 z - a wand of draining (0)
 F - a wand of invisibility (2)
Scrolls
 f - 2 scrolls of teleportation
 j - 3 scrolls of remove curse
 m - a scroll of fog
 r - 4 scrolls of enchant armour
 t - a scroll of enchant weapon
 v - 2 scrolls of fear
 B - 2 scrolls of magic mapping {unknown}
Potions
 b - a potion of curing
 d - 2 potions of might
 g - a potion of agility
 k - a potion of degeneration
 l - a potion of flight
 o - a potion of haste
 q - 2 potions of lignification
 D - 2 potions of poison
 I - a potion of mutation {unknown}
Books
 s - a book of Hinderance

   Spells                             Type                      Level
   a - Confusing Touch                Hexes                        2
   b - Confuse                        Hexes                        3
   c - Gell's Gravitas                Hexes/Translocation          3
   d - Petrify                        Transmutation/Earth          4
   e - Metabolic Englaciation         Hexes/Ice                    5
Comestibles
 e - 9 bread rations
 n - 4 meat rations
 w - 5 fruits


   Skills:
 - Level 10.4 Fighting
 - Level 9.0 Maces & Flails
 + Level 4.0 Armour
 - Level 9.2 Dodging
 + Level 4.0 Shields


You had 10 spell levels left.
You didn't know any spells.

Dungeon Overview and Level Annotations

Branches:
Dungeon (8/15)             Temple (1/1) D:7            Lair (1/8) D:8

Altars:
Ashenzari
Cheibriados
Dithmenos
Elyvilon
Fedhas
Gozag
Kikubaaqudgha
Makhleb
Nemelex Xobeh
Okawaru
Qazlal
Ru
Sif Muna
Trog
Vehumet
Xom
Yredelemnul
Zin
The Shining One

Shops:
D:7 (

Annotations:
D:8 Erolcha


Innate Abilities, Weirdness & Mutations

You are resistant to torment.
Your stone body is resilient (AC +7).
You are immune to poison.
You resist negative energy.
You are resistant to electric shocks.
You can survive without breathing.
You are immune to petrification.
You are immune to rotting.


Message History

The freezing wraith hits you but does no damage.
You hit the freezing wraith but do no damage.
The freezing wraith is moderately damaged.
The freezing wraith hits you! The freezing wraith freezes you!!
The freezing wraith hits you.
* * * LOW HITPOINT WARNING * * *
You are too injured to fight recklessly!
That item cannot be evoked!
Unknown command.
That item cannot be evoked!
Unknown command.
Evoke which item? (* to show all) (? for menu, Esc to quit)
Okay, then.
Read which item? (? for menu, Esc to quit)
As you read the scroll of fear, it crumbles to dust.
You assume a fearsome visage.
The freezing wraith is unaffected.
The freezing wraith hits you.
* * * LOW HITPOINT WARNING * * *
The freezing wraith freezes you!
You die...

#......#
#####....#
#.##.....###
..#........#
.....###...##
.....#
#P...###
#..†##
###...P#
#...##
##...####
.....#
##..§#@#
...###
##..W## ..##
##...## ..#
##...## ..#
##...## .##
##...# .#
##....... .#
#...... .##
...Y..


You could see a freezing wraith.

Vanquished Creatures
  A hydra (Lair:1)
  A spiny frog (Lair:1)
  A fire drake (D:8)
  3 polar bears (Lair:1)
  A two-headed ogre (D:6)
  A steam dragon (D:8)
  A spriggan (D:8)
  3 hippogriffs
  2 water moccasins
  A porcupine (Lair:1)
  An ice beast (D:6)
  2 orc warriors
  The ghost of Sarmenti the Sneak, an amateur NaAs (D:4)
  A sky beast (D:7)
  3 centaurs
  2 ogres
  2 phantoms
  9 giant frogs
  5 scorpions
  16 killer bees
  A wyvern skeleton (D:8)
  8 wights (D:7)
  3 crimson imps
  6 hounds
  4 orc priests
  2 giant frog skeletons (D:7)
  A giant frog zombie (D:5)
  2 centaur skeletons (D:7)
  A gnoll shaman (D:4)
  A jelly (D:6)
  5 orc wizards
  9 worker ants
  4 iguanas
  7 sheep
  A hound zombie (D:8)
  A hound skeleton (D:6)
  A worker ant zombie (D:7)
  12 gnolls
  4 white imps (Lair:1)
  15 adders
  2 shadow imps
  3 oozes
  An adder zombie (D:7)
  2 worms (D:2)
  8 giant geckos
  24 orcs
  2 ball pythons (Sewer)
  6 bats
  11 goblins
  12 hobgoblins
  3 jackals (D:2)
  7 quokkas
  15 giant cockroaches
  A giant gecko skeleton (D:8)
  A giant gecko zombie (D:6)
  8 giant newts
  A jackal skeleton (D:5)
  A jackal zombie (D:5)
  7 kobolds
  11 rats
271 creatures vanquished.

Vanquished Creatures (others)
  A fungus (Lair:1)
1 creature vanquished.

Grand Total: 272 creatures vanquished

Notes
Turn   | Place    | Note
--------------------------------------------------------------
     0 | D:1      | Ponchio the Gargoyle Fighter began the quest for the Orb.
     0 | D:1      | Reached XP level 1. HP: 14/14 MP: 1/1
   136 | D:1      | Found a glowing golden altar of the Shining One.
   228 | D:1      | Reached XP level 2. HP: 10/19 MP: 2/2
   463 | D:1      | Reached skill level 4 in Fighting
   514 | D:1      | Reached XP level 3. HP: 24/24 MP: 3/3
   862 | D:2      | Reached XP level 4. HP: 30/30 MP: 4/4
  1112 | D:2      | Found an iron altar of Okawaru.
  1112 | D:2      | Found a deep blue altar of Sif Muna.
  1391 | D:3      | Reached XP level 5. HP: 15/34 MP: 5/5
  1394 | D:3      | Reached skill level 5 in Fighting
  1539 | D:3      | Found a glowing drain.
  1598 | Sewer    | Entered a sewer
  1939 | Sewer    | Reached XP level 6. HP: 33/41 MP: 6/6
  1967 | Sewer    | Reached skill level 6 in Fighting
  2240 | D:3      | Reached skill level 5 in Maces & Flails
  2561 | D:3      | Reached XP level 7. HP: 44/47 MP: 7/7
  2860 | D:4      | Reached skill level 1 in Dodging
  3488 | D:4      | Noticed Sarmenti's ghost (amateur NaAs)
  3508 | D:4      | Killed Sarmenti's ghost
  4267 | D:5      | Entered Level 5 of the Dungeon
  4386 | D:5      | Reached XP level 8. HP: 29/52 MP: 8/8
  4390 | D:5      | Found a radiant altar of Vehumet.
  5038 | D:5      | Reached skill level 5 in Dodging
  5227 | D:5      | Found a sacrificial altar of Ru.
  5899 | D:6      | Reached skill level 7 in Dodging
  5899 | D:6      | Reached XP level 9. HP: 56/56 MP: 9/9
  6179 | D:6      | Noticed a two-headed ogre
  6186 | D:6      | Killed a two-headed ogre
  6475 | D:7      | Found a staircase to the Ecumenical Temple.
  6485 | Temple   | Entered the Ecumenical Temple
  6492 | Temple   | Became a worshipper of Qazlal Stormbringer
  6557 | D:7      | Found Geehiz's Antique Weapon Boutique.
  7035 | D:7      | Found a shattered altar of Ashenzari.
  7035 | D:7      | Found an ancient bone altar of Kikubaaqudgha.
  7044 | D:7      | Found a sacrificial altar of Ru.
  7077 | D:7      | Reached skill level 8 in Fighting
  7152 | D:7      | Reached * piety under Qazlal
  7224 | D:7      | Reached XP level 10. HP: 16/65 MP: 10/10
  7375 | D:7      | Reached skill level 9 in Fighting
  8779 | D:8      | Found a staircase to the Lair.
  8910 | D:8      | Found a shadowy altar of Dithmenos.
  9037 | D:8      | Reached skill level 10 in Fighting
  9822 | D:8      | Noticed Erolcha
 10413 | Lair:1   | Entered Level 1 of the Lair of Beasts
 10683 | Lair:1   | Noticed a six-headed hydra
 10698 | Lair:1   | Killed a six-headed hydra
 10864 | Lair:1   | Reached ** piety under Qazlal
 10931 | Lair:1   | Reached XP level 11. HP: 28/73 MP: 11/11
 11511 | Lair:1   | Slain by a freezing wraith

Action                   |  1- 3 |  4- 6 |  7- 9 | 10-12 || total
-------------------------+-------+-------+-------+-------++-------
Melee: Flail             |   137 |   296 |   717 |    34 ||  1184
       Mace              |       |       |       |   426 ||   426
Evoke: Wand              |       |       |     1 |     4 ||     5
  Use: Scroll            |       |     5 |     6 |    11 ||    22
       Potion            |       |     1 |     1 |     4 ||     6
 Stab: Invisible         |       |       |       |     3 ||     3
  Eat: Chunk             |       |     6 |    14 |    11 ||    31
       Beef jerky        |       |       |     2 |     1 ||     3
       Fruit             |       |       |       |     3 ||     3
